 Dungeon Crawl Stone Soup version 0.18.1-5-g4a78601 (webtiles) character file.

549 inmateoo the Insei (level 7, 0/55 HPs)
             Began as a Demonspawn Monk on May 9, 2016.
             Slain by a worker ant (3 damage)
             ... on level 5 of the Dungeon.
             The game lasted 00:05:07 (4239 turns).

inmateoo the Insei (Demonspawn Monk)                Turns: 4239, Time: 00:05:07

Health: 0/55       AC:  9    Str: 14    XL:     7   Next: 7%
Magic:  0/7        EV: 13    Int: 11    God:
Gold:   209        SH:  0    Dex: 15    Spells: 0 memorised, 6 levels left

rFire  . . .     SeeInvis .       - Unarmed
rCold  . . .     Gourm    .     d - +2 scale mail {rPois}
rNeg   . . .     Faith    .     (no shield)
rPois  +         Spirit   +     (no helmet)
rElec  .         Dismiss  .     (no cloak)
rCorr  .         Reflect  .     g - +0 pair of gloves (curse)
SustAt .         Harm     .     (no boots)
MR     .....                    (no amulet)
Stlth  ..........               (no ring)
                                e - ring of poison resistance

@: starving, not resistant to hostile enchantments, extremely unstealthy
A: hooves 1, repulsion field 1, magic shield, magic regeneration
a: no special abilities


You were on level 5 of the Dungeon.
You were starving.

You visited 2 branches of the dungeon, and saw 6 of its levels.

You collected 209 gold pieces.

Inventory:

Hand Weapons
 h - a +1 dagger of speed
 p - a +1 dagger of chaos
Armour
 d - a +2 scale mail of poison resistance (worn)
 g - a cursed +0 pair of gloves (worn)
Jewellery
 e - a ring of poison resistance (left hand)
 t - an uncursed ring of wizardry {unknown}
 w - an uncursed ring of wizardry {unknown}
Wands
 v - a wand of digging (16/24)
Scrolls
 i - a scroll of random uselessness {unknown}
 n - a scroll of enchant armour {unknown}
 o - 2 scrolls of remove curse
 r - 2 scrolls of amnesia {unknown}
 s - a scroll of fear {unknown}
 u - a scroll of identify
 x - a scroll of blinking
Potions
 c - a potion of curing
 f - 2 potions of flight
 l - 2 potions of lignification {unknown}
 m - a potion of might {unknown}
 q - a potion of invisibility {unknown}
Comestibles
 a - 2 beef jerkies
 b - 6 bread rations
 j - 10 fruits
 k - 2 meat rations


   Skills:
 + Level 4.7 Fighting
 + Level 2.6 Armour
 + Level 4.2 Dodging
 - Level 1.7 Stealth
 * Level 5.3 Unarmed Combat


You had 6 spell levels left.
You didn't know any spells.

Dungeon Overview and Level Annotations

Branches:
Dungeon (5/15)             Temple (1/1) D:4

Altars:
Ashenzari
Elyvilon
Fedhas
Kikubaaqudgha
Nemelex Xobeh
Okawaru
Pakellas
Ru
Sif Muna
Trog
Vehumet
Xom
Yredelemnul
Zin
The Shining One


Innate Abilities, Weirdness & Mutations

You have large cloven feet.
You are surrounded by a mild repulsion field (EV +2).
When hurt, damage is shared between your health and your magic reserves.
You regenerate magic rapidly.


Message History

You hit the iguana but do no damage. You punch the iguana, but do no damage.
The iguana is almost dead.
The iguana bites you!
* * * LOW HITPOINT WARNING * * *
You punch the iguana!
You kill the iguana!
You hit the worker ant but do no damage.
You kick the worker ant, but do no damage.
The worker ant is severely wounded.
The worker ant bites you.
* * * LOW HITPOINT WARNING * * *
You hit the worker ant. Your kick misses the worker ant.
The worker ant is almost dead.
The worker ant bites you.
* * * LOW HITPOINT WARNING * * *
You hit the worker ant but do no damage.
Your kick misses the worker ant.
The worker ant is almost dead.
The worker ant bites you.
You die...

...........# ............
...........# #.......[...
...........####...........
.............##...........
.........................#
.........#...##..........#
........#...####.#......##
....[..#..### #a###%.###
.....#...## #@# ###
...##...## #.# ####..###
#.## ##...## #..# ......#
#..# .#....# ##..##
##.....# ##....## .##....#
##......# ..#.....##
##...##..##


You could see a worker ant.

Vanquished Creatures
  The ghost of Shenda the Changer, an amateur DrTm (D:4)
  A scorpion (D:4)
  4 crimson imps (D:3)
  An iguana (D:5)
  3 worker ants
  A statue (D:4)
  A hound zombie (D:5)
  A hound skeleton (D:3)
  3 gnolls
  3 adders
  2 worms
  3 dart slugs
  A giant gecko (D:1)
  5 orcs
  8 bats
  6 goblins
  3 hobgoblins
  6 jackals
  3 quokkas
  2 ball pythons
  5 giant newts
  7 kobolds
  6 rats
76 creatures vanquished.

Notes
Turn   | Place    | Note
--------------------------------------------------------------
     0 | D:1      | inmateoo the Demonspawn Monk began the quest for the Orb.
     0 | D:1      | Reached XP level 1. HP: 18/18 MP: 1/1
   264 | D:1      | Gained mutation: You are surrounded by a mild repulsion field (EV +2). [demonic ancestry]
   264 | D:1      | Reached XP level 2. HP: 23/24 MP: 2/2
   928 | D:2      | Gained mutation: When hurt, damage is shared between your health and your magic reserves. [demonic ancestry]
   928 | D:2      | Reached XP level 3. HP: 13/29 MP: 3/3
  1457 | D:2      | Reached skill level 4 in Unarmed Combat
  2113 | D:3      | Found a shimmering altar of Xom.
  2127 | D:3      | Reached skill level 1 in Armour
  2127 | D:3      | Gained mutation: You regenerate magic rapidly. [demonic ancestry]
  2127 | D:3      | Reached XP level 4. HP: 35/37 MP: 4/4
  2155 | D:3      | Gained mutation: You have large cloven feet. [demonic ancestry]
  2155 | D:3      | Reached XP level 5. HP: 38/42 MP: 3/5
  2601 | D:3      | Reached XP level 6. HP: 40/49 MP: 4/6
  3076 | D:4      | Found a staircase to the Ecumenical Temple.
  3107 | Temple   | Entered the Ecumenical Temple
  3158 | D:4      | Found a white marble altar of Elyvilon.
  3210 | D:4      | Found a radiant altar of Vehumet.
  3232 | D:4      | Noticed Shenda's ghost (amateur DrTm)
  3310 | D:4      | Killed Shenda's ghost
  3310 | D:4      | Reached skill level 5 in Unarmed Combat
  4066 | D:5      | Entered Level 5 of the Dungeon
  4161 | D:5      | Reached XP level 7. HP: 55/55 MP: 7/7
  4239 | D:5      | Slain by a worker ant

Skill      XL: |  1  2  3  4  5  6 |
---------------+-------------------+-----
Dodging        | 3 4 |  4.2
Unarmed Combat | 4 5 |  5.3
Armour         | 1 2 |  2.6
Fighting       | 4 |  4.7
Stealth        | |  1.7

Action                   |  1- 3 |  4- 6 |  7- 9 || total
-------------------------+-------+-------+-------++-------
Melee: Unarmed           |   181 |   272 |    41 ||   494
       Punch             |     4 |     5 |     4 ||    13
       Kick              |       |    77 |    11 ||    88
  Use: Scroll            |     7 |       |       ||     7
 Stab: Sleeping          |     5 |       |       ||     5
  Eat: Chunk             |     4 |     5 |       ||     9
Armor: Robe              |    11 |       |       ||    11
       Scale mail        |    24 |    99 |     4 ||   127
Dodge: Dodged            |   111 |   117 |    22 ||   250
